 Dungeon Crawl Stone Soup version 0.25.1-1-g288607f (webtiles) character file.

Game seed: 9683706925042135923

4758 RonnieColeman the Thaumaturge (level 10, -5/68 HPs)
             Began as an Octopode Conjurer on Sept 15, 2020.
             Was a Believer of Sif Muna.
             Slain by a meliai
             ... wielding a +0 hand axe
              (7 damage)
             ... on level 9 of the Dungeon.
             The game lasted 00:24:35 (9677 turns).

RonnieColeman the Thaumaturge (Octopode Conjurer)   Turns: 9677, Time: 00:24:35

Health: -5/68      AC:  1    Str: 11    XL:     10   Next: 46%
Magic:  25/33      EV: 13    Int: 25    God:    Sif Muna [**....]
Gold:   545        SH:  0    Dex: 13    Spells: 26/29 levels left

rFire    + . .     SeeInvis +   w - +8 war axe of the Protecting Penguin {protect, +Fly rC+ Str+2 SInv}
rCold    + . .     Gourm    .   (no shield)
rNeg     . . .     Faith    .   (helmet restricted)
rPois    .         Spirit   .   l - amulet of regeneration
rElec    +         Reflect  .   p - ring of flight
rCorr    .         Harm     .   n - +6 ring of dexterity
MR       .....                  e - ring of protection from fire
Stlth    ++++......             B - ring "Betsoqodgh" {rElec MP+9 Int+5 Dex-5 Stlth+}
HPRegen  0.61/turn              (no ring)
MPRegen  0.23/turn              (no ring)
                                (no ring)
                                (no ring)

@: no status effects
A: almost no armour, stealthy swim, amphibious, 8 rings, constrict 8, camouflage
1, gelatinous body 1
a: Channel Magic, Renounce Religion, Evoke Flight


You were on level 9 of the Dungeon.
You worshipped Sif Muna.
Sif Muna was pleased with you.
You were not hungry.

You visited 2 branches of the dungeon, and saw 10 of its levels.

You collected 1023 gold pieces.
You spent 478 gold pieces at shops.

Inventory:

Hand Weapons
 d - a +3 dagger of electrocution
 o - a +2 whip of venom
 v - the +3 quarterstaff of Defiance {speed, rF+ Int+3}
   (You found it on level 5 of the Dungeon)

   Attacks with this weapon are significantly faster.
   It affects your intelligence (+3).
   It protects you from fire.
 w - the +8 war axe of the Protecting Penguin (weapon) {protect, +Fly rC+ Str+2 SInv}
   (You found it on level 7 of the Dungeon)

   It grants its wielder temporary protection when it strikes (+7 to AC).
   It affects your strength (+2).
   It protects you from cold.
   It lets you see invisible.
   It lets you fly.
Magical Staves
 f - an uncursed staff of fire
Jewellery
 e - a ring of protection from fire (on tentacle)
 l - an amulet of regeneration (around mantle)
 n - a +6 ring of dexterity (right tentacle)
 p - a ring of flight (left tentacle)
 y - an uncursed amulet of guardian spirit
 B - the ring "Betsoqodgh" (on tentacle) {rElec MP+9 Int+5 Dex-5 Stlth+}
   (You bought it in a shop on level 8 of the Dungeon)

   [ring of magical power]

   It affects your intelligence (+5).
   It affects your dexterity (-5).
   It insulates you from electricity.
   It affects your magic capacity (+9).
   It makes you more stealthy.
Wands
 t - a wand of random effects (18)
 F - a wand of paralysis (13)
Scrolls
 g - 2 scrolls of magic mapping
 h - a scroll of amnesia
 i - 3 scrolls of fog
 j - 11 scrolls of teleportation
 m - 2 scrolls of remove curse
 r - 2 scrolls of immolation
 u - a scroll of fear
 C - 2 scrolls of identify
 E - a scroll of blinking
 G - a scroll of enchant weapon
Potions
 a - 3 potions of stabbing
 c - a potion of ambrosia
 k - a potion of cancellation
 q - 5 potions of curing
 s - 2 potions of heal wounds
 x - 3 potions of brilliance
 z - a potion of flight {unknown}
 A - a potion of haste {unknown}
Comestibles
 b - 23 rations


   Skills:
 + Level 6.1 Fighting
 - Level 3.0 Axes
 - Level 2.0 Dodging
 - Level 2.6 Stealth
 * Level 10.2 Spellcasting
 + Level 8.7 Conjurations


You had 26 spell levels left.
You knew the following spells:

 Your Spells              Type           Power        Failure   Level  Hunger
a - Magic Dart            Conj           ####         1%          1    None
b - Searing Ray           Conj           ######       1%          2    None

Your spell library contained the following spells:

 Spells                   Type           Power        Failure   Level  Hunger
 Dazzling Flash           Conj/Hex       ####..       2%          3    None
 Sandblast                Erth           ##....       4%          1    None
 Fulminant Prism          Conj/Hex       ####......   9%          4    None
 Iskenderun's Mystic Bla  Conj/Tloc      ####....     9%          4    None


Dungeon Overview and Level Annotations

Branches:
Dungeon (9/15)             Temple (1/1) D:5
   Lair: D:8-11         Orc: D:9-12

Altars:
Ashenzari
Cheibriados
Dithmenos
Elyvilon
Fedhas
Gozag
Hepliaklqana
Makhleb
Nemelex Xobeh
Okawaru
Qazlal
Sif Muna
Trog
Uskayaw
Vehumet
Wu Jian
Xom
Yredelemnul
Zin
The Shining One

Shops:
D:8 =


Innate Abilities, Weirdness & Mutations

You cannot wear most types of armour.
You are very stealthy in the water. (Stealth+)
You are amphibious.
You can wear up to eight rings at the same time.
You can use your tentacles to constrict eight enemies at once.
Your skin changes colour to match your surroundings (Stealth+).
Your rubbery body absorbs attacks. (AC +1, EV +1)


Message History

Aim: a meliai, wielding a +0 hand axe and wearing a +2 leather armour of cold resistance (severely wounded)
The searing ray hits the meliai.
The meliai is almost dead. (Press . to maintain the ray.)
The meliai invokes the aid of its god against you.
Something smites you! The meliai hits you but does no damage.
The meliai closely misses you.
The searing ray misses the meliai.
The meliai hits you with a +0 hand axe! The meliai closely misses you.
The meliai hits you with a +0 hand axe! The meliai stings you.
The searing ray hits the meliai!
You kill the meliai!
Sif Muna accepts your kill.
The meliai calls down the wrath of its god upon you.
Something smites you!
* * * LOW HITPOINT WARNING * * *
The meliai hits you with a +0 hand axe!
* * * LOW HITPOINT WARNING * * *
The meliai stings you!
You die...

..........# .........#
........#
....................
#.....##.......#....
#......#.y.....#.... #..)y#
#.......#....
#.:@.#..#....#.# ...
#....##.#....#.# #|
#............#.# #. ..
#............#.####.
..######...................
................###........
............###..##........
#..........# #....#.####.
##..........####....#'.###.


You could see a meliai.

Vanquished Creatures
  An unseen horror (D:8)
  2 meliai (D:9)
  A hippogriff (D:8)
  Eustachio (D:4)
  3 hogs (D:7)
  A yak (D:7)
  2 humans
  A black bear (D:6)
  2 orc warriors (D:7)
  2 ice beasts
  2 ogres
  2 centaurs
  6 bullfrogs
  A big kobold (D:8)
  A water moccasin skeleton (D:7)
  3 killer bees (D:7)
  A howler monkey (D:7)
  A bullfrog zombie (D:9)
  A bullfrog skeleton (D:7)
  7 hounds
  3 orc priests
  13 orc wizards
  A gnoll shaman (D:7)
  3 iguanas
  3 worker ants
  A worker ant zombie (D:7)
  5 gnolls (D:7)
  9 adders
  3 shadow imps
  An ooze (D:7)
  An adder zombie (D:6)
  2 worms (D:3)
  A dart slug (D:2)
  5 leopard geckos
  41 orcs
  2 ball pythons
  5 giant cockroaches
  3 hobgoblins
  7 jackals (D:3)
  17 kobolds
  2 quokkas
  6 bats
  3 frilled lizards
  7 goblins
  A quokka skeleton (D:4)
  5 rats
191 creatures vanquished.

Notes
Turn   | Place    | Note
-------+----------+-------------------------------------------
     0 | D:1      | RonnieColeman the Octopode Conjurer began the quest for the
                  | Orb.
     0 | D:1      | Reached XP level 1. HP: 11/11 MP: 3/3
   145 | D:1      | Reached XP level 2. HP: 14/17 MP: 5/5
  1043 | D:2      | Reached skill level 3 in Spellcasting
  1043 | D:2      | Reached XP level 3. HP: 21/21 MP: 1/7
  1050 | D:2      | Learned a level 2 spell: Searing Ray
  2121 | D:3      | Found a faded altar of an unknown god.
  2130 | D:3      | Reached XP level 4. HP: 18/27 MP: 9/9
  2259 | D:3      | Reached skill level 4 in Spellcasting
  2259 | D:3      | Reached XP level 5. HP: 31/31 MP: 1/11
  2853 | D:3      | Reached skill level 5 in Conjurations
  3019 | D:3      | Reached skill level 1 in Fighting
  3029 | D:3      | Reached XP level 6. HP: 28/38 MP: 12/12
  3957 | D:4      | Found a glowing golden altar of the Shining One.
  4088 | D:4      | Reached skill level 5 in Spellcasting
  4340 | D:4      | Noticed Eustachio
  4431 | D:4      | Killed Eustachio
  4431 | D:4      | Reached XP level 7. HP: 5/45 MP: 2/15
  4937 | D:5      | Entered Level 5 of the Dungeon
  5125 | D:5      | HP: 1/45 [centaur (8)]
  5134 | D:5      | Got a jewelled quarterstaff
  5135 | D:5      | Identified the cursed +3 quarterstaff of Defiance {speed,
                  | rF+ Int+3} (You found it on level 5 of the Dungeon)
  5289 | D:5      | Found a staircase to the Ecumenical Temple.
  5312 | Temple   | Entered the Ecumenical Temple
  5540 | D:5      | Reached skill level 6 in Spellcasting
  5786 | D:5      | Found a shimmering blue altar of Sif Muna.
  5804 | D:5      | Identified Sif Muna's Disquisition on Earth
  5813 | D:5      | Became a worshipper of Sif Muna the Loreminder
  6162 | D:6      | Reached XP level 8. HP: 46/52 MP: 17/17
  6711 | D:6      | Reached skill level 7 in Spellcasting
  6898 | D:6      | Found an opulent altar of Gozag.
  6963 | D:6      | Found a shadowy altar of Dithmenos.
  7054 | D:7      | Found a shadowy altar of Dithmenos.
  7177 | D:7      | Got an ichor-stained war axe
  7186 | D:7      | Identified the +8 war axe of the Protecting Penguin
                  | {protect, +Fly rC+ Str+2 SInv} (You found it on level 7 of
                  | the Dungeon)
  7405 | D:7      | Found a basalt altar of Yredelemnul.
  7621 | D:7      | Reached XP level 9. HP: 60/60 MP: 12/20
  7630 | D:7      | Reached skill level 8 in Spellcasting
  7630 | D:7      | Reached skill level 5 in Fighting
  7647 | D:7      | Reached * piety under Sif Muna
  7970 | D:7      | Reached skill level 9 in Spellcasting
  8119 | D:7      | Found a white marble altar of Elyvilon.
  8403 | D:7      | Reached skill level 1 in Axes
  8628 | D:7      | Found a stormy altar of Qazlal.
  8779 | D:8      | Found Ceoriop's Jewellery Emporium.
  8825 | D:8      | Noticed an unseen horror
  8834 | D:8      | Killed an unseen horror
  8834 | D:8      | Reached XP level 10. HP: 48/68 MP: 16/23
  8995 | D:8      | Reached ** piety under Sif Muna
  9232 | D:9      | Found a runed translucent door.
  9235 | D:9      | Found a basalt altar of Yredelemnul.
  9349 | D:9      | Found a snail-covered altar of Cheibriados.
  9449 | D:9      | Reached skill level 10 in Spellcasting
  9490 | D:9      | Identified a scroll of acquirement
  9490 | D:9      | Acquired 600 gold pieces
  9560 | D:8      | Bought the ring "Betsoqodgh" {rElec MP+9 Int+5 Dex-5
                  | Stlth+} for 478 gold pieces
  9677 | D:9      | HP: 2/68 [meliai/+0 hand axe (11)]
  9677 | D:9      | Slain by a meliai

Illustrated notes

Levels and vault maps discovered:
D:1:      sevenhm_arrival_forest_fort_small_6, layout_loops_cross
D:2:      layout_basic, minmay_misc_feat_rugged
D:3:      layout_basic, chequers_ecumenical_altar_simple_redux,
          minmay_pentomino_pile
D:4:      layout_gridville, nicolae_tso_swordbearing_angel,
          chequers_serial_rivers_micro_c, eino_tiny_chamber, item_on_display_a,
          uniq_eustachio
D:5:      layout_gridville, minmay_temple_entry_antechambers, first_ration,
          led_sif_book
D:6:      layout_loops_ring, grunt_dithmenos_shadows,
          hangedman_decor_diamond_cutter, nicolae_gozag_seed_capital
D:7:      layout_cave_pods, lemuel_round_altar, old_standard_altar,
          minmay_misc_feat_iff, grunt_livestock, hangedman_feature_mirror
D:8:      layout_rooms, serial_shops, shop
D:9:      layout_basic, old_standard_altar, gammafunk_temple_overflow_wave,
          serial_shops, shop, dk_yredelemnul_ordeal, uniq_erolcha, uniq_grum
Temple:   eino_narrow_crystal_temple

Skill      XL: |  1  2  3  4  5  6  7  8  9 10 |
---------------+-------------------------------+-----
Spellcasting   | 3 4 5 6 7 9 10 | 10.2
Conjurations   | 5 6 7 8 |  8.7
Fighting       | 1 2 3 4 5 6 |  6.1
Axes           | 2 3 |  3.0
Dodging        | |  2.0
Stealth        | |  2.6

Action                   |  1- 3 |  4- 6 |  7- 9 | 10-12 || total
-------------------------+-------+-------+-------+-------++-------
Melee: Unarmed           |     6 |       |       |       ||     6
       Constrict         |    19 |    26 |    15 |     6 ||    66
       Tentacles         |    13 |    17 |     8 |     6 ||    44
       Whip              |    41 |   105 |    16 |       ||   162
       Spear             |    34 |       |       |       ||    34
       Quarterstaff      |       |       |    38 |       ||    38
       War axe           |       |       |     9 |    22 ||    31
 Cast: Magic Dart        |     9 |     1 |    16 |     1 ||    27
       Searing Ray       |       |    11 |    57 |     4 ||    72
  Use: Scroll            |       |       |    20 |     2 ||    22
       Potion            |       |       |     1 |       ||     1
 Stab: Sleeping          |     9 |    15 |     7 |     3 ||    34
  Eat: Chunk             |     4 |     7 |    10 |     3 ||    24
       Ration            |       |       |     1 |       ||     1
Armor: Skin              |     7 |    32 |     6 |     1 ||    46
Dodge: Dodged            |    59 |   174 |   101 |    19 ||   353
